Map: [ESL] Goldenaura

Players

Reaper

  • Race: Zerg Zerg
  • Spawn Location: 5:00

Lambo - Winner!

  • Race: Zerg Zerg
  • Spawn Location: 12:00

Event: ESL SC2 Masters 2023 Winter (Finals)

VOD

Have the link to the VOD?

Description

Time

  • Played on: Dec. 15, 2023, 10:21 a.m.
  • Length: 5:20

All games in this series

Show
View Real Time Build Order
Export as new Build Order

Reaper Zerg 

Build Orders: Hatch First, Roach Nydus 

Get SALT Encoding   

  12  0:00  Drone  
  13  0:12  Overlord  
  13  0:17  Drone  
  14  0:30  Drone x2  
  16  0:49  Hatchery  
  15  0:52  Drone  
  15  0:55  Drone  
  17  0:59  Drone  
  18  1:09  Extractor  
  17  1:15  Spawning Pool  
  17  1:18  Drone  
  17  1:21  Drone  
  18  1:28  Drone  
  19  1:38  Drone  
  20  1:49  Overlord  
  20  2:01  Drone x2  
  20  2:02  Queen x2  
  26  2:10  Drone  
  26  2:11  Drone  
  28  2:23  Drone  
  28  2:24  Drone  
  30  2:32  Overlord  
  30  2:43  Queen  
  32  2:44  Lair  
  32  2:53  Drone x3  
  32  2:56  Drone  
  34  3:02  Drone  
  33  3:08  Overlord  
  33  3:09  Extractor  
  33  3:12  Overlord  
  32  3:14  Drone  
  33  3:27  Evolution Chamber  
  33  3:30  Roach Warren  
  33  3:33  Drone x2  
  33  3:38  Extractor  
  32  3:52  Nydus Network  
  32  3:54  Queen  
  32  3:55  Queen  
  35  4:09  Roach  
  39  4:10  Roach  
  39  4:12  Roach x2  
  43  4:21  Roach x3  
  51  4:24  Roach  
  51  4:35  Nydus Canal  
  51  4:38  Roach x3  
  57  4:42  Roach  
  59  4:49  Nydus Canal  
  59  4:52  Overlord  
  59  5:00  Overlord  
  59  5:01  Overlord  
Show
View Real Time Build Order
Export as new Build Order

Lambo Zerg - Winner!

Build Orders: Pool First 

Get SALT Encoding   

  12  0:00  Drone  
  13  0:12  Overlord  
  13  0:17  Drone  
  14  0:30  Drone x2  
  16  0:39  Spawning Pool  
  15  0:44  Drone  
  15  0:48  Drone  
  17  1:08  Hatchery  
  17  1:11  Drone  
  17  1:27  Zergling x4  
  17  1:28  Zergling x2  
  17  1:29  Queen  
  22  1:38  Overlord  
  22  1:41  Extractor  
  21  1:49  Drone  
  22  1:59  Drone  
  23  2:05  Queen  
  25  2:11  Drone  
  26  2:19  Drone  
  26  2:21  Queen  
  29  2:23  Drone  
  30  2:30  Drone  
  30  2:32  Drone  
  30  2:36  Drone  
  33  2:38  Overlord  
  33  2:40  Drone  
  33  2:41  Drone  
  35  2:48  Drone  
  36  2:56  Lair, Drone  
  35  3:00  Overlord  
  35  3:03  Drone  
  36  3:07  Drone  
  36  3:11  Drone x2  
  36  3:12  Drone  
  40  3:14  Drone x3  
  40  3:15  Drone  
  40  3:18  Drone  
  45  3:26  Drone  
  46  3:27  Evolution Chamber  
  46  3:29  Drone  
  46  3:33  Extractor  
  45  3:36  Extractor, Roach Warren, Drone  
  45  3:39  Drone  
  45  3:45  Drone x3  
  45  3:46  Drone x3  
  50  3:50  Drone  
  50  3:52  Overlord  
  51  3:59  Overlord  
  51  4:01  Overseer  
  51  4:04  Overlord  
  51  4:12  Hatchery  
  51  4:15  Overlord  
  50  4:18  Roach  
  50  4:22  Roach  
  50  4:24  Roach  
  56  4:27  Roach x2  
  60  4:31  Roach  
  60  4:32  Roach  
  60  4:34  Roach  
  66  4:39  Roach x2  
  66  4:42  Spine Crawler  
  66  4:43  Roach  
  74  4:53  Roach x5  
  74  4:57  Overlord  
  74  4:59  Overlord  
Tags
 
Add a new tag
Caveats
  • Supply blocks, unpowered buildings, or Contaminate may cause inaccurate times.
  • Supply counts are checked every 10 seconds.